 Dungeon Crawl Stone Soup version 0.25.1-8-g42b30a86e7 (webtiles) character file.

Game seed: 13973577227888279412

42753 gruber the Frost Mage (level 13, -14/100 (101) HPs)
             Began as a Demonspawn Ice Elementalist on Dec 21, 2020.
             Was a High Priest of Vehumet.
             Demolished by a skeletal warrior
             ... wielding a +0 halberd
             ... led by a skeletal warrior
              (21 damage)
             ... on level 11 of the Dungeon.
             The game lasted 00:31:37 (22559 turns).

gruber the Frost Mage (DsIE)                       Turns: 22559, Time: 00:31:37

HP:   -14/100 (101) AC:  8    Str: 16    XL:     13   Next: 87%
MP:   0/27          EV: 18    Int: 26    God:    Vehumet [*****.]
Gold: 1441          SH:  0    Dex: 17    Spells: 14/32 levels left

rFire    x . .     SeeInvis +   C - +5 scimitar (vorpal)
rCold    . . .     Gourm    .   (no shield)
rNeg     . . .     Faith    .   W - +0 troll leather armour
rPois    .         Spirit   +   B - +2 hat
rElec    .         Reflect  .   R - +0 cloak
rCorr    .         Harm     .   (no gloves)
MR       ++...                  (no boots)
Stlth    ++........             w - amulet of Domut {RegenMP Dex+2}
HPRegen  0.66/turn              l - +6 ring of intelligence
MPRegen  0.65/turn              v - ring "Lisirphit" {rF- MR++ Str+7 SInv}

@: no status effects
A: claws 2, magic shield, magic regeneration, sturdy frame 2
a: Renounce Religion


You were on level 11 of the Dungeon.
You worshipped Vehumet.
Vehumet was extremely pleased with you.
You were hungry.

You visited 2 branches of the dungeon, and saw 17 of its levels.
You also visited: Ossuary and Bailey.

You collected 1441 gold pieces.

Inventory:

Hand Weapons
 C - a +5 vorpal scimitar (weapon)
 I - the +7 war axe of Uthozy {freeze, +Rage +Inv MR- Int+2}
   (You found it in a bailey)

   It has been specially enchanted to freeze those struck by it, causing extra
   injury to most foes and up to half again as much damage against particularly
   susceptible opponents.
   It can also slow down cold-blooded creatures.
   It affects your intelligence (+2).
   It affects your resistance to hostile enchantments.
   It lets you turn invisible.
   It lets you go berserk.
Missiles
 K - 43 poisoned darts (quivered)
Armour
 B - a +2 hat (worn)
 R - a +0 cloak (worn)
 W - a +0 troll leather armour (worn)
Magical Staves
 x - an uncursed staff of conjuration
 E - an uncursed staff of fire
Jewellery
 f - an uncursed ring of protection from fire
 g - an uncursed ring of resist corrosion
 l - a +6 ring of intelligence (left claw)
 v - the ring "Lisirphit" (right claw) {rF- MR++ Str+7 SInv}
   (You found it on level 4 of the Dungeon)

   [ring of see invisible]

   It affects your strength (+7).
   It makes you vulnerable to fire.
   It affects your resistance to hostile enchantments.
   It lets you see invisible.
 w - the amulet of Domut (around neck) {RegenMP Dex+2}
   (You found it on level 4 of the Dungeon)

   [amulet of magic regeneration]

   It increases your magic regeneration.
   It affects your dexterity (+2).
 V - an uncursed ring of protection from cold
Wands
 a - a wand of digging (5)
 j - a wand of flame (27)
 y - a wand of paralysis (32)
 F - a wand of iceblast (24)
Scrolls
 d - 4 scrolls of amnesia {unknown}
 e - 7 scrolls of fog
 h - 12 scrolls of teleportation
 i - 10 scrolls of remove curse
 m - 3 scrolls of magic mapping {unknown}
 p - 12 scrolls of identify
 q - 3 scrolls of random uselessness {unknown}
 r - 2 scrolls of noise {unknown}
 t - a scroll of blinking {unknown}
 D - 3 scrolls of enchant armour {unknown}
 J - a scroll of torment {unknown}
 M - 4 scrolls of enchant weapon {unknown}
 O - a scroll of fear {unknown}
 Q - 3 scrolls of immolation {unknown}
 S - 2 scrolls of holy word {unknown}
 U - a scroll of vulnerability {unknown}
Potions
 b - 5 potions of might {unknown}
 k - 4 potions of lignification {unknown}
 n - 8 potions of curing {unknown}
 o - 5 potions of mutation {unknown}
 s - 9 potions of heal wounds {unknown}
 u - 3 potions of stabbing {unknown}
 z - 2 potions of flight {unknown}
 A - 7 potions of brilliance {unknown}
 G - a potion of degeneration {unknown}
 H - a potion of resistance {unknown}
 L - a potion of invisibility {unknown}
 N - a potion of ambrosia {unknown}
 T - a potion of berserk rage {unknown}
Comestibles
 c - 40 rations
 P - 3 chunks of flesh


   Skills:
 - Level 9.1 Fighting
 - Level 1.0 Long Blades
   Level 1.2 Maces & Flails
 - Level 6.1 Armour
 - Level 8.3 Dodging
 - Level 1.7 Stealth
 - Level 10.0 Spellcasting
 - Level 10.3 Conjurations
 - Level 5.1 Summonings
 - Level 11.0 Ice Magic
 + Level 3.9 Air Magic


You had 14 spell levels left.
You knew the following spells:

 Your Spells              Type           Power        Failure   Level  Hunger
a - Freeze                Ice            ####         1%          1    None
b - Frozen Ramparts       Ice            ######       1%          3    None
c - Hailstorm             Conj/Ice       ######..     1%          4    None
d - Summon Ice Beast      Ice/Summ       ######..     1%          4    None
e - Freezing Cloud        Conj/Ice/Air   ######....   6%          6    #####..

Your spell library contained the following spells:

 Spells                   Type           Power        Failure   Level  Hunger
 Ozocubu's Armour         Chrm/Ice       #####...     1%          3    None


Dungeon Overview and Level Annotations

Branches:
Dungeon (11/15)            Temple (0/1) D:6            Lair (6/6) D:8
  Swamp (0/4) Lair:3        Snake (0/4) Lair:3        Slime (0/5) Lair:6
    Orc (0/2) D:10        Ossuary (visited)          Bailey (visited)

Altars:
Cheibriados
Dithmenos
Kikubaaqudgha
Makhleb
Qazlal
Ru
Trog
Vehumet
Zin

Shops:
D:8 (   D:9 }

Portals:
Hell: Lair:6

Annotations:
D:11 Sonja
Lair:2 2 runed translucent doors, Frank's ghost, journeyman OpFi


Innate Abilities, Weirdness & Mutations

You have very sharp fingernails.
When hurt, damage is shared between your health and your magic reserves.
You regenerate magic rapidly.
Your movements are less encumbered by armour. (ER -4)


Message History

The skeletal warrior hits your ice beast with a +0 halberd!
Unknown command.
You catch the helpless skeletal warrior completely off-guard!
You slash the skeletal warrior!
The skeletal warrior is severely damaged.
Your ice beast hits the skeletal warrior.
Your ice beast freezes the skeletal warrior!
The skeletal warrior resists.
Your ice beast hits the skeletal warrior but does no damage.
The skeletal warrior hits you with a +0 halberd!
* * * LOW HITPOINT WARNING * * *
You hit the skeletal warrior but do no damage.
The skeletal warrior is almost destroyed.
Your ice beast hits the skeletal warrior but does no damage.
Your ice beast closely misses the skeletal warrior.
The skeletal warrior hits you with a +0 halberd!!
* * * LOW HITPOINT WARNING * * *
Your ice beast hits the skeletal warrior but does no damage. x2
The skeletal warrior hits you from afar with a +0 halberd!!
You die...

#.....# #.....#
#.....# #........
#.....# #........
#.....#
#........##.....#
#........##.....#
#........##z....#
#........##YY@..#
#........##Y....#
####........##.....#
................#..#
................#..#
.......)....##..#....
............##..#.....
............##..#..###
............##..#


You could see a skeletal warrior and 3 friendly ice beasts.

Vanquished Creatures
  Harold (D:9)
  2 hydras
  A two-headed ogre (D:8)
  A sun demon (Lair:6)
  A skeletal warrior (D:11)
  A wizard (Lair:6)
  14 elephants
  A molten gargoyle (Lair:4)
  3 black mambas
  10 spiny frogs
  Psyche (D:11)
  4 orange demons (Lair:6)
  Maggie (D:6)
  3 rime drakes (Lair:6)
  3 komodo dragons
  An ice devil (Lair:6)
  3 trolls
  A hellwing (Lair:6)
  7 blink frogs
  2 dream sheep (Lair:6)
  10 hippogriffs
  2 wyverns (D:10)
  A basilisk (Lair:6)
  3 fire bats (Lair:4)
  28 yaks
  A hungry ghost (D:10)
  Grum (D:8)
  9 water moccasins
  A naga (Lair:3)
  3 hell hounds (Lair:6)
  8 porcupines
  Duvessa (D:4)
  3 orc warriors
  2 sky beasts
  3 ice beasts
  A black bear (D:7)
  7 ogres
  2 phantoms
  11 crocodiles
  7 wolves
  5 centaurs
  An elf zombie (Ossuary)
  3 big kobolds
  20 bullfrogs
  Dowan (D:4)
  A wyvern skeleton (D:11)
  2 scorpions
  28 killer bees
  7 howler monkeys
  3 vampire bats (Lair:3)
  2 centaur zombies
  3 crimson imps
  2 bullfrog zombies
  A quasit (D:8)
  3 hounds
  4 orc priests
  2 jellies
  2 centaur skeletons
  2 bullfrog skeletons
  5 iguanas
  Natasha (thrice) (D:2)
  14 orc wizards
  6 worker ants
  A killer bee zombie (D:8)
  A big kobold zombie (Ossuary)
  3 mummies
  A hound zombie (D:8)
  2 hound skeletons
  2 worker ant zombies
  Robin (D:2)
  A gnoll (Bailey)
  15 adders
  2 shadow imps
  An adder zombie (Ossuary)
  A worm (D:1)
  3 dart slugs
  6 leopard geckos
  40 orcs
  A ball python (D:3)
  7 giant cockroaches
  23 goblins
  7 hobgoblins
  4 jackals
  3 quokkas
  11 bats
  5 frilled lizards
  3 goblin zombies
  10 hobgoblin zombies (Ossuary)
  A jackal zombie (D:6)
  24 kobolds
  9 kobold zombies (Ossuary)
  A leopard gecko skeleton (D:5)
  A leopard gecko zombie (D:6)
  5 orc zombies
  4 rats
  3 rat zombies (Ossuary)
  3 fungi
490 creatures vanquished.

Vanquished Creatures (collateral kills)
  A hydra (Lair:4)
  A skeletal warrior (D:11)
  An orc knight (Bailey)
  2 oklob plants (Lair:6)
  A cyclops (D:10)
  4 elephants
  3 black mambas
  3 rime drakes (Lair:6)
  4 spiny frogs
  2 komodo dragons
  A polar bear (Lair:5)
  A hippogriff (Lair:6)
  8 dream sheep
  A blink frog (Lair:4)
  A bog body (Lair:3)
  3 yaks
  A basilisk (Lair:5)
  A hungry ghost (D:7)
  A warg (D:10)
  A water moccasin (Lair:6)
  A hell hound (Lair:6)
  2 orc warriors (Bailey)
  A necrophage (D:11)
  An elf zombie (Ossuary)
  2 big kobolds (D:8)
  Blork the orc (D:6)
  A wyvern zombie (D:6)
  A scorpion (D:8)
  A killer bee (D:8)
  A howler monkey (D:8)
  2 jellies
  3 orc priests
  A centaur skeleton (D:6)
  A human zombie (Ossuary)
  An orc wizard (D:6)
  An iguana (D:8)
  2 orcs
  A hobgoblin zombie (Ossuary)
  10 kobolds (Bailey)
  2 kobold zombies (Ossuary)
77 creatures vanquished.

Vanquished Creatures (others)
  11 fungi
  6 plants
17 creatures vanquished.

Grand Total: 584 creatures vanquished

Notes
Turn   | Place    | Note
-------+----------+-------------------------------------------
     0 | D:1      | gruber the Demonspawn Ice Elementalist began the quest for
                  | the Orb.
     0 | D:1      | Reached XP level 1. HP: 13/13 MP: 3/3
   252 | D:1      | Reached skill level 4 in Ice Magic
   395 | D:1      | Gained mutation: When hurt, damage is shared between your
                  | health and your magic reserves. [demonic ancestry]
   395 | D:1      | Reached XP level 2. HP: 15/19 MP: 1/5
  1476 | D:1      | Reached XP level 3. HP: 19/24 MP: 4/6
  1865 | D:1      | Learned a level 3 spell: Frozen Ramparts
  1884 | D:1      | Reached skill level 5 in Ice Magic
  1884 | D:1      | Gained mutation: You regenerate magic rapidly. [demonic
                  | ancestry]
  1884 | D:1      | Reached XP level 4. HP: 24/30 MP: 0/7
  2025 | D:2      | Noticed Natasha
  2035 | D:2      | Killed Natasha
  2110 | D:2      | Noticed Robin
  2124 | D:2      | Killed Robin
  2337 | D:2      | Found a snail-covered altar of Cheibriados.
  2346 | D:2      | Gained mutation: Your movements are slightly less
                  | encumbered by armour. (ER -2) [demonic ancestry]
  2346 | D:2      | Reached XP level 5. HP: 35/35 MP: 5/8
  2378 | D:2      | Noticed Natasha
  2385 | D:2      | Killed Natasha
  2385 | D:2      | Reached skill level 1 in Maces & Flails
  2713 | D:2      | Reached skill level 6 in Ice Magic
  2774 | D:2      | Found an ancient bone altar of Kikubaaqudgha.
  2783 | D:2      | Noticed Natasha
  2790 | D:2      | Killed Natasha
  3249 | D:3      | Learned a level 4 spell: Hailstorm
  3400 | D:3      | Reached XP level 6. HP: 35/41 MP: 5/9
  3823 | D:3      | Found a stormy altar of Qazlal.
  4129 | D:4      | Found a stormy altar of Qazlal.
  4130 | D:4      | Found a radiant altar of Vehumet.
  4154 | D:4      | Got a glittering iron ring
  4161 | D:4      | Got a clouded steel amulet
  4163 | D:4      | Identified the ring "Lisirphit" {rF- MR++ Str+7 SInv} (You
                  | found it on level 4 of the Dungeon)
  4165 | D:4      | Identified the amulet of Domut {RegenMP Dex+2} (You found
                  | it on level 4 of the Dungeon)
  4259 | D:4      | Noticed Duvessa
  4266 | D:4      | Noticed Dowan
  4269 | D:4      | Reached skill level 7 in Ice Magic
  4278 | D:4      | Killed Duvessa
  4279 | D:4      | Killed Dowan
  4279 | D:4      | Reached XP level 7. HP: 8/46 MP: 0/10
  4662 | D:4      | Found a sacrificial altar of Ru.
  4667 | D:4      | Became a worshipper of Vehumet
  4673 | D:4      | Reached skill level 8 in Ice Magic
  5376 | D:5      | Entered Level 5 of the Dungeon
  5467 | D:5      | Found a glowing silver altar of Zin.
  5501 | D:5      | Reached XP level 8. HP: 41/52 MP: 11/15
  5700 | D:5      | Reached skill level 5 in Spellcasting
  6113 | D:5      | Learned a level 4 spell: Summon Ice Beast
  6687 | D:6      | Reached skill level 1 in Summonings
  7185 | D:6      | Reached * piety under Vehumet
  7185 | D:6      | Offered knowledge of Foxfire by Vehumet.
  7325 | D:6      | Found a staircase to the Ecumenical Temple.
  7402 | D:6      | Noticed Blork the orc
  7410 | D:6      | Killed Blork the orc
  7410 | D:6      | Reached skill level 5 in Summonings
  7861 | D:6      | Noticed Maggie
  7876 | D:6      | Killed Maggie
  7876 | D:6      | Reached XP level 9. HP: 22/57 MP: 5/18
  8130 | D:7      | Reached skill level 9 in Ice Magic
  8317 | D:7      | Reached skill level 1 in Long Blades
  8353 | D:7      | Found a sand-covered staircase.
  8481 | Ossuary  | Entered an ossuary
  8508 | Ossuary  | Offered knowledge of Magic Dart by Vehumet.
  8508 | Ossuary  | Reached ** piety under Vehumet
  8747 | Ossuary  | Offered knowledge of Static Discharge by Vehumet.
  8747 | Ossuary  | Reached skill level 10 in Ice Magic
  9272 | D:7      | Reached *** piety under Vehumet
  9688 | D:7      | Found a shadowy altar of Dithmenos.
  9700 | D:7      | Reached skill level 11 in Ice Magic
  9806 | D:8      | Noticed Grum
  9812 | D:8      | Killed Grum
  9812 | D:8      | Gained mutation: Your movements are less encumbered by
                  | armour. (ER -4) [demonic ancestry]
  9812 | D:8      | Reached XP level 10. HP: 52/63 MP: 10/19
  9828 | D:8      | Offered knowledge of Fulminant Prism by Vehumet.
  9865 | D:8      | Found a staircase to the Lair.
 10120 | D:8      | Found Ytzeadeg's Weapon Shoppe.
 10165 | D:8      | Reached **** piety under Vehumet
 10165 | D:8      | Reached skill level 5 in Dodging
 10212 | D:8      | Noticed a three-headed hydra
 10223 | D:8      | Killed a three-headed hydra
 10227 | D:8      | Offered knowledge of Conjure Flame by Vehumet.
 10305 | D:8      | Found a flagged portal.
 10311 | Bailey   | Entered a bailey
 10405 | Bailey   | Noticed an orc knight
 10430 | Bailey   | Killed an orc knight
 10437 | Bailey   | Got an ichor-stained war axe
 10438 | Bailey   | Identified the +7 war axe of Uthozy {freeze, +Rage +Inv MR-
                  | Int+2} (You found it in a bailey)
 10755 | Bailey   | Found a burning altar of Makhleb.
 10910 | D:8      | Noticed a two-headed ogre
 10918 | D:8      | Killed a two-headed ogre
 10975 | Lair:1   | Entered Level 1 of the Lair of Beasts
 10991 | Lair:1   | Reached skill level 1 in Fighting
 11324 | Lair:1   | Gained mutation: You have sharp fingernails. [demonic
                  | ancestry]
 11324 | Lair:1   | Reached XP level 11. HP: 72/74 MP: 20/20
 11476 | Lair:1   | Found a bloodstained altar of Trog.
 11967 | Lair:2   | Reached skill level 5 in Fighting
 12080 | Lair:2   | Found a large runed translucent door.
 12080 | Lair:2   | Found a large runed translucent door.
 12084 | Lair:2   | Noticed Frank's ghost (journeyman OpFi)
 13097 | Lair:3   | Found a staircase to the Snake Pit.
 13273 | Lair:3   | Reached ***** piety under Vehumet
 13462 | Lair:3   | Reached skill level 1 in Armour
 14287 | Lair:3   | Found a staircase to the Swamp.
 14629 | Lair:4   | Gained mutation: You have very sharp fingernails. [demonic
                  | ancestry]
 14629 | Lair:4   | Reached XP level 12. HP: 72/95 MP: 3/21
 14639 | Lair:4   | Reached skill level 5 in Armour
 14839 | Lair:4   | Offered knowledge of Spellforged Servitor by Vehumet.
 15343 | Lair:4   | Noticed a seven-headed hydra
 15352 | Lair:4   | Killed a seven-headed hydra
 16358 | Lair:5   | Reached skill level 10 in Spellcasting
 16485 | Lair:5   | Reached skill level 1 in Conjurations
 17117 | Lair:6   | Entered Level 6 of the Lair of Beasts
 17409 | Lair:6   | Reached XP level 13. HP: 87/101 MP: 6/27
 17770 | Lair:6   | Reached skill level 5 in Conjurations
 17875 | Lair:6   | Offered knowledge of Iskenderun's Battlesphere by Vehumet.
 18248 | Lair:6   | Found a staircase to the Slime Pits.
 18859 | Lair:6   | Found a burning altar of Makhleb.
 19191 | Lair:6   | Found a gateway to Hell.
 20180 | D:9      | Found Kifronyse's Gadget Shop.
 20899 | D:9      | Offered knowledge of Freezing Cloud by Vehumet.
 20899 | D:9      | Reached skill level 10 in Conjurations
 20969 | D:9      | Noticed Harold
 20979 | D:9      | Killed Harold
 21094 | D:9      | Learned a level 6 spell: Freezing Cloud
 21145 | D:10     | Entered Level 10 of the Dungeon
 21232 | D:10     | Reached skill level 1 in Air Magic
 21274 | D:10     | Found a staircase to the Orcish Mines.
 22027 | D:11     | Noticed Sonja
 22105 | D:11     | Noticed Psyche
 22115 | D:11     | Killed Psyche
 22559 | D:11     | Demolished by a skeletal warrior

Illustrated notes

Levels and vault maps discovered:
D:1:      ncdulo_halloftheorcs, layout_basic, serial_glass, glass_columns_b,
          glass_columns_a, lexackson_kobold_supper
D:2:      layout_basic, kennysheep_slug_shrine, lemuel_tele_altar, uniq_natasha,
          uniq_robin
D:3:      layout_rooms, first_ration, nicolae_qazlal_general_emergency
D:4:      layout_basic, gammafunk_temple_overflow_forgotten, uniq_duvessa
D:5:      layout_loops_corners, basic_altar
D:6:      layout_gridville, minmay_temple_entry_butterflies, uniq_maggie,
          uniq_blork_the_orc
D:7:      kennysheep_spiral_hall, layout_basic, nicolae_overflow_crystal_walls,
          nicolae_ossuary_entry_giza
D:8:      layout_rooms, lair_entry_dummy, serial_shops, kennysheep_little_box,
          enter_bailey_3, hangedman_ranch [blue_anna_fruit_fields], uniq_grum
D:9:      layout_roguey, serial_shops, nicolae_shop_trees, uniq_harold
D:10:     layout_basic, erik_orc_4
D:11:     minmay_the_grid_square_5x5_3x3 [minmay_the_grid_square_5x5_moneybag,
          minmay_the_grid_square_5x5_inner_i,
          minmay_the_grid_square_5x5_misaligned,
          minmay_the_grid_square_5x5_bite,
          minmay_the_grid_square_5x5_megaprize_checkered,
          minmay_the_grid_square_5x5_doubleslash,
          minmay_the_grid_square_5x5_corner,
          minmay_the_grid_square_5x5_minivault,
          minmay_the_grid_square_5x5_spiral_small], layout_long_grid,
          uniq_maurice, uniq_psyche, uniq_urug, uniq_sonja
Lair:1:   layout_big_grid, basic_altar, grunt_megastairs_2, lemuel_fruit_tree
Lair:2:   layout_chaotic_city, gauntlet_entry_generic,
          ebering_ghost_disaster_area
Lair:3:   layout_roguey, skrybe_swamp_entry_bodies, guppyfry_snake_entry_island,
          roderic_batcave
Lair:4:   layout_gridlike, serial_rivers, chequers_serial_rivers_small_3,
          chequers_serial_rivers_small_b, chequers_serial_rivers_micro_d,
          chequers_serial_rivers_micro_c, chequers_serial_rivers_small_b,
          lemuel_fruit_fields
Lair:5:   layout_cave_pods, serial_bayou_shore_a
Lair:6:   evil_forest, layout_big_grid, minmay_slime_entry_oklob_enclosed

Skill      XL: |  1  2  3  4  5  6  7  8  9 10 11 12 13 |
---------------+----------------------------------------+-----
Ice Magic      | 4 5 6 7 8 11 | 11.0
Maces & Flails | 1 |  1.2
Spellcasting   | 4 6 10 | 10.0
Summonings     | 5 |  5.1
Long Blades    | 1 |  1.0
Dodging        | 2 8 |  8.3
Fighting       | 2 9 |  9.1
Armour         | 4 6 |  6.1
Conjurations   | 4 10 | 10.3
Air Magic      | 3 |  3.9
Stealth        | |  1.7

Action                   |  1- 3 |  4- 6 |  7- 9 | 10-12 | 13-15 || total
-------------------------+-------+-------+-------+-------+-------++-------
Melee: Unarmed           |    35 |       |       |       |       ||    35
       Dagger            |    47 |       |       |       |       ||    47
       Morningstar       |    12 |    68 |       |       |       ||    80
       Flail             |       |     5 |   138 |       |       ||   143
       Scimitar          |       |       |   137 |   219 |   232 ||   588
Throw: Dart              |       |       |       |     6 |       ||     6
 Cast: Freeze            |    32 |     7 |    14 |    16 |    14 ||    83
       Frozen Ramparts   |     1 |    22 |    36 |    69 |    30 ||   158
       Hailstorm         |       |       |     2 |    26 |    30 ||    58
       Summon Ice Beast  |       |       |    18 |    69 |    69 ||   156
Evoke: Wand              |       |     1 |     2 |       |       ||     3
  Use: Scroll            |       |     3 |       |     1 |     1 ||     5
 Stab: Sleeping          |     1 |     2 |     9 |     3 |     2 ||    17
       Distracted        |       |     1 |       |       |     4 ||     5
  Eat: Chunk             |     3 |    11 |    11 |    37 |    20 ||    82
       Ration            |       |       |     4 |       |       ||     4
Armor: Robe              |    34 |    22 |       |       |       ||    56
       Leather armour    |       |     4 |    62 |       |       ||    66
       Steam dragon scal |       |       |    58 |    90 |    52 ||   200
       Troll leather arm |       |       |       |       |     5 ||     5
Dodge: Dodged            |   118 |    51 |   202 |   380 |   266 ||  1017
       Rpst.: Scimitar   |       |       |    35 |    78 |    73 ||   186
